[Event "45th FIDE Womens Olympiad 2024"]
[Site "Budapest"]
[Date "2024.09.19"]
[Round "8.42"]
[White "Baginskaite, Kamile"]
[Black "Houska, Jovanka"]
[Result "0-1"]
[ECO "D53"]
[WhiteElo "2103"]
[BlackElo "2333"]
[Annotator "RC"]
[PlyCount "100"]
[EventDate "2024.09.05"]
[EventType "team-tourn"]
[EventCountry "HUN"]
[SourceTitle "playchess.com"]
[Source "ChessBase"]
[SourceQuality "1"]
[WhiteTeam "Lithuania"]
[BlackTeam "England"]
[WhiteTeamCountry "LTU"]
[BlackTeamCountry "ENG"]
[TimeControl "40/5400+30:1800+30"]

1. d4 Nf6 2. c4 e6 3. Nf3 d5 4. Nc3 Nbd7 5. Bg5 h6 6. Bh4 Be7 7. e3 a6 8. cxd5 exd5 9. Bd3 Nb6 10. Ne5 Nfd7 11. Qh5 Nxe5 12. Qxe5 Kf8 13. Bxe7+ Qxe7 14. e4 Be6 15. exd5 Nxd5 16. O-O Rd8 17. Rfe1 Qf6 18. a3 Qxe5 19. Rxe5 Nb6 20. Rae1 g5 21. Ne2 Rd6 22. f4 f6 23. Rc5 c6 24. b3 Nd5 25. f5 Bf7 26. Kf2 h5 27. Be4 Rh7 28. g3 Bg8 29. h4 Re7 30. Bf3 Bf7 31. b4 Nb6 32. Rec1 Kg7 33. hxg5 fxg5 34. Rh1 Nd7 35. Rc2 Nf6 36. a4 Bd5 37. Rb2 Bxf3 38. Kxf3 Rd5 39. b5 Rxf5+ 40. Kg2 axb5 41. axb5 Rxb5 42. Rxb5 cxb5 43. Nc3 b4 44. Nb5 g4 45. Rc1 b3 46. Rc3 b2 47. Rb3 Re2+ 48. Kf1 Rc2 49. Na3 Rc1+ 50. Kg2 Ra1 0-1

[Event "45th FIDE Womens Olympiad 2024"]
[Site "Budapest"]
[Date "2024.09.19"]
[Round "8.43"]
[White "Hunt, Harriet V"]
[Black "Simkunaite, Gabija"]
[Result "1-0"]
[ECO "C54"]
[WhiteElo "2304"]
[BlackElo "2005"]
[Annotator "RC"]
[PlyCount "49"]
[EventDate "2024.09.05"]
[EventType "team-tourn"]
[EventCountry "HUN"]
[SourceTitle "playchess.com"]
[Source "ChessBase"]
[SourceQuality "1"]
[WhiteTeam "England"]
[BlackTeam "Lithuania"]
[WhiteTeamCountry "ENG"]
[BlackTeamCountry "LTU"]
[TimeControl "40/5400+30:1800+30"]

1. e4 e5 2. Bc4 Nc6 3. Nf3 Nf6 4. d3 Bc5 5. O-O O-O 6. c3 d6 7. h3 a6 8. b4 Ba7 9. Bb3 h6 10. Nbd2 Be6 11. Re1 Qd7 12. Nf1 Rfe8 13. Ng3 Rad8 14. Bd2 d5 15. exd5 Bxd5 16. Bc2 Bxf3 17. Qxf3 Qd5 18. Qf5 Qe6 19. a4 Qd6 20. Rad1 Re6 21. Bb3 Ne7 22. Qf3 Qxd3 23. Be3 Bxe3 24. Rxd3 Rxd3 25. Bxe6 1-0

[Event "45th FIDE Womens Olympiad 2024"]
[Site "Budapest"]
[Date "2024.09.19"]
[Round "8.44"]
[White "Sibajeva, Marija"]
[Black "Sivanandan, Bodhana"]
[Result "1/2-1/2"]
[ECO "D03"]
[WhiteElo "2007"]
[BlackElo "2196"]
[Annotator "RC"]
[PlyCount "73"]
[EventDate "2024.09.05"]
[EventType "team-tourn"]
[EventCountry "HUN"]
[SourceTitle "playchess.com"]
[Source "ChessBase"]
[SourceQuality "1"]
[WhiteTeam "Lithuania"]
[BlackTeam "England"]
[WhiteTeamCountry "LTU"]
[BlackTeamCountry "ENG"]
[TimeControl "40/5400+30:1800+30"]

1. d4 d5 2. Nf3 Nf6 3. Bg5 Ne4 4. Bf4 c5 5. e3 Nc6 6. c3 cxd4 7. exd4 e6 8. Bd3 Bd6 9. Bxd6 Nxd6 10. O-O O-O 11. Nbd2 Bd7 12. Ne5 Rc8 13. Re1 f5 14. Qe2 Nxe5 15. Qxe5 Qc7 16. Nf3 Nf7 17. Qxc7 Rxc7 18. Ne5 Nxe5 19. Rxe5 g6 20. a4 a6 21. a5 Kf7 22. Ra3 Rfc8 23. Kf1 Kf6 24. Rb3 Bc6 25. f3 h6 26. Rb6 Kf7 27. Kf2 Rd8 28. Ke3 Rdd7 29. Kf2 Rd8 30. Ke3 Rdc8 31. Kd2 Rd8 32. Kc2 Rdc8 33. Kb3 Rd8 34. h3 h5 35. h4 Rd6 36. Ka3 Rd8 37. f4 1/2-1/2

[Event "45th FIDE Womens Olympiad 2024"]
[Site "Budapest"]
[Date "2024.09.19"]
[Round "8.45"]
[White "Atalik, Ekaterina"]
[Black "Mendoza, Shania Mae"]
[Result "1-0"]
[ECO "D46"]
[WhiteElo "2381"]
[BlackElo "2013"]
[Annotator "TA"]
[PlyCount "199"]
[EventDate "2024.09.05"]
[EventType "team-tourn"]
[EventCountry "HUN"]
[SourceTitle "playchess.com"]
[Source "ChessBase"]
[SourceQuality "1"]
[WhiteTeam "Turkiye"]
[BlackTeam "Philippines"]
[WhiteTeamCountry "TUR"]
[BlackTeamCountry "PHI"]
[TimeControl "40/5400+30:1800+30"]

1. d4 d5 2. c4 e6 3. Nc3 c6 4. e3 Nf6 5. Nf3 Nbd7 6. Qc2 b6 7. Bd3 Bb7 8. O-O Be7 9. Rd1 Qc7 10. b3 Rc8 11. Bb2 O-O 12. Rac1 h6 13. Qe2 Rfe8 {D46: Semi-Slav: 5 e3 Nbd7 6 Bd3, Black avoids the Meran.} 14. Ne5 dxc4 15. bxc4 $146 ({Predecessor:} 15. Nxc4 Qb8 16. e4 c5 17. e5 cxd4 18. Nb5 Nd5 19. Qe4 g6 20. Ncd6 Rxc1 21. Rxc1 {1-0 Le,Q (2703)-Mamedyarov,S (2757) Beijing Sportaccord Basque rapid 2013 (1.2)}) 15... c5 16. Nxd7 Qxd7 17. d5 Kh8 18. e4 e5 19. Bc2 Red8 20. f4 Qg4 21. fxe5 Qxe2 22. Nxe2 Ng4 23. Rf1 Bg5 24. Rxf7 Be3+ 25. Kh1 Bxc1 26. Nxc1 Rf8 27. Rf3 Rxf3 28. gxf3 Ne3 29. Ba4 Rf8 30. e6 Rxf3 (30... Nxc4 $2 $18) 31. h3 Rf4 (31... Rxh3+ $2 32. Kg1 Rh4 (32... Nxc4 $2 33. e7 $18) 33. d6 $18 (33. e7 Rxe4 34. d6 Bc8 $18)) (31... Nxc4 $2 32. e7 Nd6 (32... Nxb2 $2 33. e8=Q+ Kh7 34. Kg2 $18) 33. Be5 Rxh3+ (33... Rf1+ $2 34. Kg2 $18) 34. Kg2 $18) 32. e7 Rxe4 (32... Rf1+ $2 33. Kh2 $18) 33. e8=Q+ (33. e8=B $2 Nxc4 34. Bxg7+ Kxg7 $19) (33. e8=R+ Rxe8 34. Bxe8 Nxc4 $14) 33... Rxe8 34. Bxe8 Nxc4 35. Bc6 $1 Bc8 (35... Bxc6 $2 36. dxc6 Nd6 (36... Nxb2 $2 37. c7 $18) 37. Kg2 $18) 36. Bc3 Bxh3 37. Nd3 Bf5 38. Ne5 Nd6 39. Kh2 Kh7 (39... Be4 $142) 40. Be1 ({Better is} 40. Nf3 $1 $16) 40... Bb1 (40... Kg8 $14) 41. a3 Be4 42. Bg3 Nf5 43. Ba8 (43. Nc4 $1 $16 {Bb7 is the strong threat.} Ne7 44. Bb8) 43... b5 $2 (43... g5 $1 $11 {and Black stays safe.}) 44. Ng4 (44. Nd7 $1 $18 ) 44... b4 45. axb4 cxb4 (45... Nxg3 $2 46. d6 Nf1+ (46... Bxa8 $2 47. d7 $18) (46... cxb4 $2 47. Bxe4+ Nxe4 48. d7 $18) 47. Kg1 $18) 46. Nf2 $1 Nxg3 47. Kxg3 Bc2 $2 (47... Bf5) 48. d6 $18 Ba4 ({But not} 48... b3 $2 49. Be4+ Bxe4 50. Nxe4 $18) 49. Nd3 a5 $2 (49... Kg6 50. Nc5 (50. Nxb4 Kf6 $14) 50... Kf6 51. Nxa4 Ke6) 50. Nc5 $18 Bb5 51. d7 Bxd7 52. Nxd7 a4 $2 (52... Kg6 $18 53. Be4+ Kf7) 53. Nc5 a3 54. Bd5 Kg6 55. Nd3 Kf5 56. Nxb4 g5 57. Nc2 h5 58. Nxa3 Kf6 59. Nc4 Kg6 60. Be4+ Kf6 61. Kf3 Kf7 62. Bf5 Kg7 63. Ke4 Kf6 64. Ne5 Kg7 65. Bg6 h4 66. Bf5 Kh6 67. Bg4 Kg7 68. Kf5 Kf8 69. Kf6 Ke8 70. Nf7 Kf8 71. Nxg5 Ke8 72. Nf3 Kd8 73. Nxh4 Kc7 74. Ke5 Kc6 75. Be6 Kc5 76. Nf5 Kc6 77. Kd4 Kb5 78. Bc4+ Kc6 79. Bd5+ Kb5 80. Nd6+ Kb6 81. Kc4 Kc7 82. Kc5 Kd7 83. Nf5 Kc7 84. Be6 Kb7 85. Ne7 Kc7 86. Nc6 Kb7 87. Kd6 Kb6 88. Bc4 Kb7 89. Na5+ Kb6 {[#]} 90. Nb3 $1 Kb7 91. Bd5+ Kb6 92. Bc6 Ka7 93. Kc7 Ka6 94. Ba4 Ka7 95. Bb5 Ka8 {[#]} 96. Nc5 $1 Ka7 97. Nd7 Ka8 98. Nb6+ Ka7 99. Nc8+ Ka8 100. Bc6# 1-0

[Event "45th FIDE Womens Olympiad 2024"]
[Site "Budapest"]
[Date "2024.09.19"]
[Round "8.45"]
[White "Andhin, Chethanah"]
[Black "Asha huang Limboo"]
[Result "1-0"]
[ECO "D02"]
[WhiteElo "1607"]
[BlackElo "1420"]
[PlyCount "94"]
[EventDate "2024.09.05"]
[EventType "team-tourn"]
[EventCountry "HUN"]
[WhiteTeam "Mauritius"]
[BlackTeam "Bhutan"]
[WhiteTeamCountry "MRI"]
[BlackTeamCountry "BTN"]
[TimeControl "40/5400+30:1800+30"]

1. d4 Nf6 2. Bf4 d5 3. Nf3 Nc6 4. e3 a6 5. c3 Bf5 6. Be2 e6 7. Nbd2 Bd6 8. Bg3 Bxg3 9. hxg3 h6 10. Nb3 Ne4 11. Nfd2 Qe7 12. Nxe4 Bxe4 13. f3 Bg6 14. Nc5 b5 15. a4 O-O 16. axb5 axb5 17. Bxb5 Rxa1 18. Qxa1 Qg5 19. Kf2 Nb8 20. Rh4 c6 21. Rg4 Qf5 22. Bd3 Qf6 23. Bxg6 fxg6 24. Rf4 Qe7 25. Rxf8+ Kxf8 26. Qa8 Qe8 27. Nxe6+ Qxe6 28. Qxb8+ Kf7 29. Qc7+ Kg8 30. Qf4 Qc8 31. Qd6 Kh7 32. e4 dxe4 33. fxe4 Qb7 34. Qb4 Qd7 35. Qf8 Qa7 36. e5 Qa2 37. Qb4 Qe6 38. c4 Qf5+ 39. Kg1 Qd3 40. Qc3 Qxc3 41. bxc3 g5 42. d5 cxd5 43. cxd5 Kg6 44. g4 h5 45. gxh5+ Kf5 46. e6 Ke5 47. e7 Kd6 1-0

[Event "45th FIDE Womens Olympiad 2024"]
[Site "Budapest"]
[Date "2024.09.19"]
[Round "8.46"]
[White "Frayna, Janelle Mae"]
[Black "Yildiz Kadioglu, Betul Cemre"]
[Result "1/2-1/2"]
[ECO "D78"]
[WhiteElo "2216"]
[BlackElo "2314"]
[Annotator "RC"]
[PlyCount "104"]
[EventDate "2024.09.05"]
[EventType "team-tourn"]
[EventCountry "HUN"]
[SourceTitle "playchess.com"]
[Source "ChessBase"]
[SourceQuality "1"]
[WhiteTeam "Philippines"]
[BlackTeam "Turkiye"]
[WhiteTeamCountry "PHI"]
[BlackTeamCountry "TUR"]
[TimeControl "40/5400+30:1800+30"]

1. c4 c6 2. d4 d5 3. Nf3 Nf6 4. g3 g6 5. Qa4 Nbd7 6. cxd5 Nb6 7. Qb3 cxd5 8. Bg2 Bg7 9. Nc3 O-O 10. O-O Ne4 11. Bf4 Nxc3 12. Qxc3 Bf5 13. Rac1 Qd7 14. Qb4 Rfc8 15. b3 Qe6 16. Qd2 Rxc1 17. Rxc1 Rc8 18. Rxc8+ Nxc8 19. Nh4 b6 20. Nxf5 gxf5 21. Qc3 Nd6 22. Qc6 Bxd4 23. e3 Bc5 24. Bxd5 Qc8 25. Qxc8+ Nxc8 26. Bb7 Nd6 27. Ba6 f6 28. Bxd6 Bxd6 29. Bc8 f4 30. Be6+ Kg7 31. exf4 Bc5 32. Kg2 a5 33. f3 Bd4 34. h4 h6 35. Kf1 Bc5 36. Ke2 Bd4 37. h5 Bc5 38. Bc4 Bd6 39. Ke3 e5 40. f5 Bc5+ 41. Ke2 Bd6 42. Bd5 Bc5 43. Bc6 Bb4 44. Kd3 Be1 45. g4 Bf2 46. Be4 Bg1 47. Bc6 Bf2 48. Ke4 Bg1 49. f4 exf4 50. Kxf4 Bd4 51. Ke4 Bc3 52. Kd5 Bd2 1/2-1/2

[Event "45th FIDE Womens Olympiad 2024"]
[Site "Budapest"]
[Date "2024.09.19"]
[Round "8.47"]
[White "Aydin, Gulenay"]
[Black "Canino, Ruelle"]
[Result "1/2-1/2"]
[ECO "B06"]
[WhiteElo "2202"]
[BlackElo "2004"]
[Annotator "RC"]
[PlyCount "133"]
[EventDate "2024.09.05"]
[EventType "team-tourn"]
[EventCountry "HUN"]
[SourceTitle "playchess.com"]
[Source "ChessBase"]
[SourceQuality "1"]
[WhiteTeam "Turkiye"]
[BlackTeam "Philippines"]
[WhiteTeamCountry "TUR"]
[BlackTeamCountry "PHI"]
[TimeControl "40/5400+30:1800+30"]

1. e4 g6 2. d4 Bg7 3. Nf3 d6 4. Bc4 e6 5. O-O a6 6. a4 b6 7. Re1 Nd7 8. c3 Bb7 9. Nbd2 Ne7 10. Nf1 O-O 11. Ng3 d5 12. exd5 Nxd5 13. h4 h6 14. h5 g5 15. Bd3 c5 16. Qe2 cxd4 17. Nxd4 Re8 18. Bd2 Qc7 19. Rad1 Nc5 20. Bc2 Rad8 21. Ne4 Nf4 22. Bxf4 Qxf4 23. Nxc5 bxc5 24. Nb3 Bf8 25. Nd2 Bd5 26. Be4 g4 27. Bxd5 Rxd5 28. Ne4 Rxh5 29. g3 Qf5 30. Qxg4+ Qxg4 31. Nf6+ Kg7 32. Nxg4 Rg5 33. Ne5 Kf6 34. Nd7+ Ke7 35. Ne5 Kf6 36. Nc4 Rb8 37. Kg2 Rd5 38. Rxd5 exd5 39. Ne3 d4 40. cxd4 cxd4 41. Nd5+ Kf5 42. Rd1 Bg7 43. Rd2 Rb3 44. f3 Ke5 45. Nf4 Kd6 46. Nd3 Kd5 47. Kf2 Rb8 48. Rc2 Kd6 49. b4 Bf8 50. Ke2 Kd5 51. Rb2 Kc4 52. Rc2+ Kb3 53. Rc6 Bxb4 54. Nxb4 Rxb4 55. Rxa6 Kc4 56. Rc6+ Kd5 57. Rxh6 Rxa4 58. Rf6 Ra7 59. Kd3 Ra3+ 60. Kd2 Ra2+ 61. Kd3 Ra3+ 62. Kd2 Kc4 63. Rc6+ Kd5 64. Rf6 Kc4 65. Rc6+ Kd5 66. Rf6 Kc4 67. Rc6+ 1/2-1/2

[Event "45th FIDE Womens Olympiad 2024"]
[Site "Budapest"]
[Date "2024.09.19"]
[Round "8.47"]
[White "Beekhy, Aamirah"]
[Black "Yeshey lhaden"]
[Result "1-0"]
[ECO "A48"]
[WhiteElo "1600"]
[BlackElo "1514"]
[PlyCount "77"]
[EventDate "2024.09.05"]
[EventType "team-tourn"]
[EventCountry "HUN"]
[WhiteTeam "Mauritius"]
[BlackTeam "Bhutan"]
[WhiteTeamCountry "MRI"]
[BlackTeamCountry "BTN"]
[TimeControl "40/5400+30:1800+30"]

1. d4 Nf6 2. Bf4 g6 3. e3 Bg7 4. Nf3 d6 5. c3 O-O 6. Be2 Bf5 7. Nbd2 Nbd7 8. Qb3 Nb6 9. h3 Be6 10. Qc2 c5 11. O-O Nbd5 12. Bh2 cxd4 13. exd4 Nh5 14. Qd1 Nhf4 15. Re1 Qd7 16. Ng5 Nxh3+ 17. Nxh3 Bxh3 18. gxh3 Qxh3 19. Bf1 Qh4 20. Qf3 Qg5+ 21. Bg2 Qxd2 22. Qxd5 Qxb2 23. Qb3 Qxb3 24. axb3 Rfe8 25. Bxb7 Rab8 26. Rxa7 Kf8 27. Rea1 e5 28. Bd5 Rb5 29. Bc6 Rxb3 30. Bxe8 Kxe8 31. dxe5 dxe5 32. Ra8+ Kd7 33. R1a7+ Ke6 34. Re8+ Kd5 35. Rxf7 Ke4 36. Rxg7 Kf3 37. Rf7+ Kg4 38. Rxe5 h5 39. Rf4+ 1-0

[Event "45th FIDE Womens Olympiad 2024"]
[Site "Budapest"]
[Date "2024.09.19"]
[Round "8.48"]
[White "Galas, Bernadette"]
[Black "Isgenderova, Hayale"]
[Result "1/2-1/2"]
[ECO "C07"]
[WhiteElo "2013"]
[BlackElo "2124"]
[Annotator "NA RC"]
[PlyCount "92"]
[EventDate "2024.09.05"]
[EventType "team-tourn"]
[EventCountry "HUN"]
[SourceTitle "playchess.com"]
[Source "ChessBase"]
[SourceQuality "1"]
[WhiteTeam "Philippines"]
[BlackTeam "Turkiye"]
[WhiteTeamCountry "PHI"]
[BlackTeamCountry "TUR"]
[TimeControl "40/5400+30:1800+30"]

1. e4 e6 2. d4 d5 3. Nd2 c5 4. exd5 Qxd5 5. Ngf3 cxd4 6. Bc4 Qd6 7. O-O Nf6 8. Re1 Be7 9. Nb3 Nc6 10. Nbxd4 Nxd4 11. Qxd4 O-O 12. Be3 Qxd4 13. Bxd4 Rd8 14. Rad1 b6 15. Ne5 Bb7 16. c3 Nd5 17. a4 Rac8 18. Bf1 f6 19. Nc4 e5 20. Be3 Bc6 21. Ra1 Nxe3 22. Nxe3 Be8 23. Bb5 Bf7 24. Red1 g6 25. Ba6 Rxd1+ 26. Rxd1 Rd8 27. Rxd8+ Bxd8 28. c4 f5 29. Kf1 Kf8 30. Nd5 Bxd5 31. cxd5 Ke7 32. Bc8 Kd6 33. Be6 h6 34. Ke2 Kc5 35. b3 Be7 36. Bf7 g5 37. Be6 f4 38. Kd3 Kb4 39. f3 Bd6 40. Kc2 a5 41. h3 Bc5 42. Bf5 Be7 43. Be6 Bc5 44. Bf5 Be7 45. Be6 Bc5 46. Bf5 Be7 1/2-1/2

[Event "45th FIDE Womens Olympiad 2024"]
[Site "Budapest"]
[Date "2024.09.19"]
[Round "8.49"]
[White "Tan, Li Ting"]
[Black "Vo, Thi Kim Phung"]
[Result "0-1"]
[ECO "D35"]
[WhiteElo "2037"]
[BlackElo "2320"]
[Annotator "RC"]
[PlyCount "158"]
[EventDate "2024.09.05"]
[EventType "team-tourn"]
[EventCountry "HUN"]
[SourceTitle "playchess.com"]
[Source "ChessBase"]
[SourceQuality "1"]
[WhiteTeam "Malaysia"]
[BlackTeam "Vietnam"]
[WhiteTeamCountry "MAS"]
[BlackTeamCountry "VIE"]
[TimeControl "40/5400+30:1800+30"]

1. d4 Nf6 2. c4 e6 3. Nc3 d5 4. cxd5 exd5 5. Bg5 c6 6. e3 Be7 7. Bd3 Nbd7 8. Nf3 O-O 9. h3 Ne4 10. Bf4 Ndf6 11. Qc2 Bf5 12. g4 Bg6 13. Ne5 Nxc3 14. Bxg6 Nce4 15. Bxe4 Qa5+ 16. Kf1 Nxe4 17. f3 Nd6 18. Kg2 Rac8 19. Nd3 Rfe8 20. Bxd6 Bxd6 21. Rhe1 Re7 22. a3 Bb8 23. Qf2 Rce8 24. Re2 Qb5 25. Rd1 a5 26. f4 Re4 27. Rdd2 Bd6 28. Qf3 Qb3 29. Kf2 f6 30. Nc1 Qc4 31. Nd3 g5 32. f5 Kg7 33. Kg2 Qb3 34. Nc1 Qc4 35. Nd3 R4e7 36. Re1 Qb3 37. Nc1 Qc4 38. Nd3 h6 39. Ree2 Kf7 40. Re1 a4 41. Ree2 Qb5 42. Kf2 Qa5 43. Rd1 Re4 44. Rde1 Qb5 45. Rd2 Bc7 46. Nc5 Ba5 47. Nxe4 Rxe4 48. Qe2 Qb6 49. Rg1 Bxd2 50. Qxd2 Qc7 51. Rg3 Qb6 52. Qc3 Kg7 53. Rg1 Re8 54. Rh1 h5 55. Rg1 Qc7 56. Rg2 Qe7 57. Qd3 hxg4 58. Rxg4 Qd6 59. Kg2 Qe7 60. Kf3 Rh8 61. h4 Rxh4 62. Rxh4 gxh4 63. Kg4 Qc7 64. Kxh4 Qh2+ 65. Kg4 Qxb2 66. Kf3 Kf8 67. Qd1 Qxa3 68. Qh1 Ke8 69. Qh5+ Kd7 70. Qh8 Qe7 71. Qa8 Qe4+ 72. Ke2 Qc2+ 73. Ke1 Qb3 74. Ke2 a3 75. Qg8 a2 76. Qe6+ Kc7 77. Qe7+ Kb6 78. Qd8+ Kb5 79. Qa8 b6 0-1

[Event "45th FIDE Womens Olympiad 2024"]
[Site "Budapest"]
[Date "2024.09.19"]
[Round "8.50"]
[White "Luong Phuong Hanh"]
[Black "Azhar, Puteri Munajjah Az-Z"]
[Result "1/2-1/2"]
[ECO "A47"]
[WhiteElo "2225"]
[BlackElo "2014"]
[Annotator "RC"]
[PlyCount "102"]
[EventDate "2024.09.05"]
[EventType "team-tourn"]
[EventCountry "HUN"]
[SourceTitle "playchess.com"]
[Source "ChessBase"]
[SourceQuality "1"]
[WhiteTeam "Vietnam"]
[BlackTeam "Malaysia"]
[WhiteTeamCountry "VIE"]
[BlackTeamCountry "MAS"]
[TimeControl "40/5400+30:1800+30"]

1. Nf3 Nf6 2. d4 e6 3. e3 b6 4. Bd3 Bb7 5. O-O Be7 6. c4 d6 7. Nc3 Nbd7 8. a4 a5 9. e4 e5 10. Nd5 c6 11. Ne3 g6 12. d5 Nc5 13. dxc6 Bxc6 14. Nd5 Nfxe4 15. Bxe4 Nxe4 16. Bh6 f6 17. Nd2 Nc5 18. f4 Bxd5 19. cxd5 Bf8 20. Bxf8 Rxf8 21. Nc4 Rb8 22. Qe2 Rb7 23. b4 axb4 24. a5 b5 25. Nb6 Rxb6 26. axb6 Qxb6 27. Kh1 Ke7 28. fxe5 dxe5 29. d6+ Kxd6 30. Qd2+ Ke6 31. Qxb4 f5 32. Rac1 Rc8 33. Rc2 Rc7 34. h3 Ne4 35. Qb3+ Kf6 36. Rfc1 Rxc2 37. Rxc2 Qd4 38. Rc7 Nf2+ 39. Kh2 Qf4+ 40. Kg1 Qd4 41. Qf7+ Kg5 42. Qe7+ Kf4 43. Kh2 Ke3 44. Rd7 Qc3 45. Rd5 Nd3 46. Qa7+ Kf4 47. Qxh7 g5 48. Rxb5 Qe1 49. Rb3 Qg3+ 50. Kg1 Qe1+ 51. Kh2 Qg3+ 1/2-1/2

[Event "45th FIDE Womens Olympiad 2024"]
[Site "Budapest"]
[Date "2024.09.19"]
[Round "8.51"]
[White "Azhar, Puteri Rifqah Fahada"]
[Black "Bach Ngoc Thuy Duong"]
[Result "0-1"]
[ECO "B22"]
[WhiteElo "1947"]
[BlackElo "2214"]
[Annotator "RC"]
[PlyCount "72"]
[EventDate "2024.09.05"]
[EventType "team-tourn"]
[EventCountry "HUN"]
[SourceTitle "playchess.com"]
[Source "ChessBase"]
[SourceQuality "1"]
[WhiteTeam "Malaysia"]
[BlackTeam "Vietnam"]
[WhiteTeamCountry "MAS"]
[BlackTeamCountry "VIE"]
[TimeControl "40/5400+30:1800+30"]

1. e4 c5 2. c3 Nf6 3. e5 Nd5 4. d4 cxd4 5. cxd4 d6 6. Bc4 Nb6 7. Bb3 dxe5 8. dxe5 Qxd1+ 9. Bxd1 Nc6 10. f4 Bf5 11. Ne2 e6 12. a3 a5 13. Nbc3 Bc5 14. Ng3 Ke7 15. Nce4 Bxe4 16. Nxe4 Bd4 17. Rb1 f6 18. exf6+ gxf6 19. Ke2 Nd5 20. Bb3 Rhd8 21. Bxd5 Rxd5 22. Rd1 Rad8 23. Bd2 h6 24. Nc3 Rh5 25. h3 Rg8 26. Kf1 Ba7 27. Re1 Rg3 28. Ne4 Rb3 29. Bc3 Bd4 30. Bxd4 Nxd4 31. Nc3 Rc5 32. a4 Rb4 33. g3 Nf5 34. Kf2 Nd6 35. Rec1 Rc6 36. b3 Rxc3 0-1

[Event "45th FIDE Womens Olympiad 2024"]
[Site "Budapest"]
[Date "2024.09.19"]
[Round "8.52"]
[White "Le Thanh Tu"]
[Black "Nithyalakshmi, Sivanesan"]
[Result "1-0"]
[ECO "A90"]
[WhiteElo "2092"]
[BlackElo "1912"]
[Annotator "NA RC"]
[PlyCount "117"]
[EventDate "2024.09.05"]
[EventType "team-tourn"]
[EventCountry "HUN"]
[SourceTitle "playchess.com"]
[Source "ChessBase"]
[SourceQuality "1"]
[WhiteTeam "Vietnam"]
[BlackTeam "Malaysia"]
[WhiteTeamCountry "VIE"]
[BlackTeamCountry "MAS"]
[TimeControl "40/5400+30:1800+30"]

1. d4 e6 2. c4 f5 3. Nf3 Nf6 4. g3 d5 5. Bg2 c6 6. O-O Bd6 7. b3 Qe7 8. a4 a5 9. Ba3 Bxa3 10. Nxa3 O-O 11. Nc2 Ne4 12. Nce1 Bd7 13. Nd3 Be8 14. Nfe5 Nd7 15. Qc2 Rf6 16. f3 Ng5 17. Nxd7 Qxd7 18. Qd2 h6 19. c5 Bh5 20. Rfb1 Nf7 21. b4 axb4 22. Rxb4 Nd8 23. e3 Qc7 24. Rb6 Be8 25. Bf1 Bd7 26. a5 Bc8 27. Ra3 Ra7 28. Qc3 h5 29. Rb2 Rh6 30. Qb4 Qe7 31. Ne5 h4 32. f4 hxg3 33. hxg3 Qe8 34. Qb6 Ra8 35. Rh2 Rxh2 36. Kxh2 Nf7 37. Nxf7 Kxf7 38. Kg2 Ke7 39. Be2 Qd8 40. Qb4 Kf7 41. Ra1 Qc7 42. Qe1 Qd8 43. Qh1 Qf6 44. Qh8 Ke7 45. Rh1 Qf8 46. Qxf8+ Kxf8 47. Rh8+ Ke7 48. a6 bxa6 49. Bxa6 Bb7 50. Rxa8 Bxa8 51. Kh3 Kf6 52. Bc8 g5 53. fxg5+ Kxg5 54. Bxe6 Bb7 55. Bd7 Kf6 56. Kg2 Kg5 57. Kf3 Kg6 58. Kf4 Kf6 59. Bxf5 1-0

[Event "45th FIDE Womens Olympiad 2024"]
[Site "Budapest"]
[Date "2024.09.19"]
[Round "8.53"]
[White "Kosteniuk, Alexandra"]
[Black "Shohradova, Lala"]
[Result "1/2-1/2"]
[ECO "C02"]
[WhiteElo "2483"]
[BlackElo "2030"]
[Annotator "TA"]
[PlyCount "118"]
[EventDate "2024.09.05"]
[EventType "team-tourn"]
[EventCountry "HUN"]
[SourceTitle "playchess.com"]
[Source "ChessBase"]
[SourceQuality "1"]
[WhiteTeam "Switzerland"]
[BlackTeam "Turkmenistan"]
[WhiteTeamCountry "SUI"]
[BlackTeamCountry "TKM"]
[TimeControl "40/5400+30:1800+30"]

1. e4 e6 2. d4 d5 3. e5 c5 4. c3 Qb6 5. Nf3 Nc6 6. a3 Bd7 7. b4 cxd4 8. cxd4 Rc8 9. Bb2 Nge7 10. Nc3 Na5 $1 11. Na4 (11. bxa5 $2 Qxb2 12. Na2 Nc6 $19 (12... Qxa3 $2 13. a6 $19)) 11... Qc6 12. Nc5 Nc4 13. Bc1 Ng6 14. h4 Bxc5 15. dxc5 Qc7 (15... Ncxe5 $6 16. h5 Nxf3+ 17. Qxf3 $16) 16. Bxc4 dxc4 17. Qd6 h5 18. Bg5 b6 19. Be3 bxc5 20. Bxc5 Bc6 21. Qxc7 Rxc7 22. Bd6 Rd7 23. O-O-O (23. Rc1 $15) 23... Nf4 $17 24. Nd4 (24. Kd2 $17) 24... Bxg2 $19 25. Rhg1 {[#]} Rh6 (25... g5 $1 $19 26. Kd2 (26. hxg5 $2 h4 $19) 26... gxh4) 26. f3 $17 Rg6 27. Rd2 Bh3 28. Rxg6 Nxg6 29. Nb5 Bf1 (29... Nxh4 $2 30. Rh2 Nf5 31. Rxh3 $18) 30. Rf2 Bd3 31. Nc7+ Kd8 32. Na6 Kc8 (32... Nxh4 $15 33. Nc5 Nf5 34. Nxd7 Kxd7) 33. Nc5 $11 Rd8 34. f4 $1 Bf5 (34... Nxh4 $2 35. Be7 $18) 35. b5 f6 (35... Nxh4 $2 36. Rb2 Rd7 37. Nxd7 Kxd7 38. Rb4 $18) 36. a4 fxe5 $1 (36... Nxh4 $2 37. a5 $18) 37. fxe5 Nxe5 38. Bxe5 {[%cal Of2f4] [#] Black must now prevent Rf4!} Rd5 39. Nxe6 Rxe5 40. Nxg7 {[%mdl 4096] Endgame. KRB-KRN} Bg4 41. Kd2 Kc7 {Threatens to win with ...Kb6.} 42. Rf6 Re4 43. Kc3 a5 44. bxa6 Kb8 45. Rf7 Ka8 46. Rc7 Kb8 47. Rb7+ Ka8 48. Rf7 Kb8 49. a5 Re5 {The position is equal.} 50. Kb4 {Rf8+ would now be deadly.} c3 51. Kxc3 Rxa5 52. Rf6 Ka7 53. Kd4 Rxa6 54. Rf7+ Kb8 55. Ke5 Kc8 56. Kf4 Kd8 57. Kg5 Ra5+ 58. Kg6 Ra6+ 59. Kg5 Ra5+ {Weighted Error Value: White=0.09 (flawless) /Black=0.09 (flawless) .  Mistake:       	White=2     	Black=2      Inaccurate:     	White=4     	Black=4      OK:         	White=13    	Black=25     Best:        	White=1     	Black=4      Strong:       	White=1     	Black=2} 1/2-1/2

[Event "45th FIDE Womens Olympiad 2024"]
[Site "Budapest"]
[Date "2024.09.19"]
[Round "8.54"]
[White "Agajanova, Meryem"]
[Black "Georgescu, Lena"]
[Result "1/2-1/2"]
[ECO "E11"]
[WhiteElo "2007"]
[BlackElo "2266"]
[Annotator "RC"]
[PlyCount "97"]
[EventDate "2024.09.05"]
[EventType "team-tourn"]
[EventCountry "HUN"]
[SourceTitle "playchess.com"]
[Source "ChessBase"]
[SourceQuality "1"]
[WhiteTeam "Turkmenistan"]
[BlackTeam "Switzerland"]
[WhiteTeamCountry "TKM"]
[BlackTeamCountry "SUI"]
[TimeControl "40/5400+30:1800+30"]

1. d4 Nf6 2. c4 e6 3. g3 d5 4. Bg2 Bb4+ 5. Bd2 Be7 6. Nf3 c6 7. Qc2 Nbd7 8. O-O Ne4 9. Be1 f5 10. b4 h5 11. Ne5 Nxe5 12. dxe5 h4 13. f3 Ng5 14. gxh4 Nf7 15. f4 Bxh4 16. Nd2 Bxe1 17. Raxe1 g5 18. e3 g4 19. Rf2 Bd7 20. Nf1 Rh7 21. Rc1 Qb6 22. a3 Nh8 23. cxd5 cxd5 24. Qc7 Ng6 25. Qxb6 axb6 26. Rc7 Rb8 27. Ng3 Ne7 28. Rc3 Rc8 29. Rfc2 Rxc3 30. Rxc3 Kd8 31. Ne2 Nc6 32. Bf1 Be8 33. b5 Na5 34. Nd4 Kd7 35. Kg2 Rh3 36. Kg1 Rh7 37. Rc2 Bf7 38. Rc3 Rh8 39. Kg2 Rh3 40. Kg1 Rh8 41. Rc2 Ra8 42. a4 Rh8 43. Rc3 Ra8 44. Kf2 Rh8 45. Kg3 Rh6 46. Rc2 Rh8 47. Rc3 Rh6 48. Rc2 Rh8 49. Rc3 1/2-1/2